Map: Cerulean Fall LE

Players

Maru - Winner!

  • Race: Terran Terran
  • Spawn Location: 7:00

Lambo

  • Race: Zerg Zerg
  • Spawn Location: 1:00

Event: 2018 WCS Global Finals

VOD

Have the link to the VOD?

Description

Time

  • Played on: Oct. 26, 2018, noon
  • Length: 8:40

All games in this series

Show
View Real Time Build Order
Export as new Build Order

Maru Terran - Winner!

Build Orders:  

Get SALT Encoding   

  12  0:00  SCV  
  13  0:13  SCV  
  14  0:18  Supply Depot  
  14  0:25  SCV  
  15  0:39  SCV  
  15  0:41  Barracks  
  16  0:55  Barracks  
  16  0:58  SCV  
  16  1:03  Refinery  
  17  1:10  SCV  
  18  1:22  SCV  
  19  1:28  Marine  
  20  1:34  Orbital Command  
  20  1:38  Supply Depot  
  20  1:42  Marine  
  20  1:46  Marine  
  22  1:56  Bunker  
  22  2:00  Marine, SCV  
  24  2:03  Marine  
  24  2:12  SCV  
  24  2:18  Factory  
  24  2:19  Marine  
  24  2:22  Marine  
  26  2:27  SCV  
  27  2:33  Supply Depot  
  27  2:37  Marine  
  27  2:39  SCV  
  27  2:40  Marine  
  25  2:52  SCV  
  26  3:00  Marine  
  26  3:02  Factory Reactor  
  26  3:04  SCV  
  28  3:07  Starport  
  28  3:17  SCV  
  28  3:19  Refinery  
  29  3:25  Command Center  
  29  3:29  SCV  
  30  3:40  Hellion x2  
  34  3:44  Supply Depot  
  34  3:48  Medivac  
  36  3:50  SCV  
  37  4:02  SCV  
  38  4:05  Hellion x2  
  42  4:14  SCV  
  43  4:22  Starport Tech Lab  
  43  4:26  SCV  
  43  4:27  Hellion  
  43  4:28  Barracks Tech Lab  
  46  4:37  Hellion  
  48  4:39  Orbital Command, SCV  
  48  4:42  Raven  
  51  4:48  Marine  
  51  4:49  Stimpack  
  52  4:53  SCV  
  52  4:56  Supply Depot  
  53  5:05  SCV  
  54  5:08  SCV  
  53  5:17  SCV  
  53  5:18  Factory Reactor  
  53  5:20  Barracks, SCV  
  53  5:22  Barracks  
  53  5:26  Engineering Bay  
  49  5:29  SCV  
  49  5:30  Marine  
  49  5:32  SCV  
  49  5:34  Starport Reactor  
  52  5:41  Supply Depot, SCV  
  53  5:44  SCV  
  53  5:48  Marine  
  55  5:53  Command Center  
  55  5:54  Terran Infantry Weapons Level 1, SCV  
  56  6:00  SCV  
  56  6:04  Supply Depot  
  57  6:06  Marine, Siege Tank  
  61  6:15  SCV x2  
  63  6:19  Medivac  
  63  6:20  Marine x4  
  63  6:21  Medivac  
  63  6:23  Marine  
  72  6:27  SCV  
  72  6:29  Refinery  
  73  6:34  SCV  
  73  6:37  Marine  
  73  6:38  Marine x3  
  73  6:39  Supply Depot, SCV  
  79  6:41  Marine  
  79  6:44  Siege Tank  
  83  6:49  SCV  
  84  6:54  Refinery  
  84  6:55  Marine x2  
  84  7:00  Marine x3  
  89  7:03  Combat Shield, SCV x2  
  89  7:06  Orbital Command  
  91  7:13  Marine x2  
  93  7:18  Marine x3  
  96  7:24  Siege Tank  
  99  7:30  SCV  
  99  7:31  Marine x2  
  99  7:32  Medivac  
  99  7:35  Marine x2  
  104  7:38  SCV  
  104  7:39  Barracks  
  104  7:40  Barracks  
  105  7:45  Orbital Command  
  105  7:46  Marine  
  105  7:47  SCV  
  105  7:49  Marine x2  
  109  7:53  Marine  
  109  7:56  Marine  
  109  7:57  Siege Tank  
  105  8:02  SCV  
  105  8:03  Marine  
  105  8:05  Supply Depot  
  96  8:06  Marine  
  96  8:07  Marine, Medivac  
  96  8:08  SCV  
  96  8:11  Marine  
  103  8:12  SCV  
  103  8:13  Supply Depot  
  103  8:14  Marine, SCV  
  101  8:20  SCV  
  101  8:21  Marine  
  101  8:24  SCV  
  104  8:32  Barracks Reactor x2  
Show
View Real Time Build Order
Export as new Build Order

Lambo Zerg 

Build Orders: Hatch First 

Get SALT Encoding   

  12  0:01  Drone  
  13  0:11  Overlord  
  13  0:16  Drone  
  14  0:30  Drone x2  
  16  0:48  Hatchery  
  15  0:52  Drone  
  15  0:55  Drone  
  17  0:59  Drone  
  18  1:09  Extractor  
  17  1:14  Spawning Pool  
  17  1:18  Drone  
  18  1:22  Drone  
  19  1:35  Drone  
  20  2:01  Zergling x6, Queen  
  23  2:05  Zergling x2  
  26  2:11  Zergling x2  
  25  2:26  Overlord  
  25  2:33  Overlord  
  23  2:44  Drone  
  23  2:45  Drone  
  23  2:46  Queen  
  23  2:50  Drone  
  25  2:52  Drone  
  25  2:55  Extractor  
  25  2:57  Drone  
  26  3:01  Drone  
  26  3:04  Drone  
  28  3:10  Drone  
  29  3:13  Queen  
  29  3:17  Drone  
  29  3:18  Drone  
  33  3:21  Drone  
  33  3:27  Overlord  
  34  3:34  Overlord  
  34  3:35  Drone x2  
  36  3:46  Drone x3  
  39  3:57  Hatchery  
  39  3:58  Drone  
  39  4:00  Drone  
  40  4:03  Metabolic Boost  
  40  4:07  Drone  
  40  4:08  Drone  
  42  4:10  Drone  
  42  4:13  Overlord  
  42  4:14  Drone  
  44  4:19  Drone  
  44  4:21  Queen  
  47  4:25  Overlord  
  47  4:27  Zergling x2  
  48  4:33  Queen  
  48  4:35  Zergling x4  
  52  4:40  Overlord  
  52  4:44  Zergling x6  
  55  4:46  Drone x2  
  57  4:54  Drone x3  
  57  4:56  Baneling Nest  
  57  4:58  Drone x2  
  61  5:04  Drone x2  
  61  5:06  Drone  
  59  5:09  Drone  
  59  5:12  Drone x2  
  59  5:18  Drone  
  57  5:22  Drone x2  
  57  5:26  Lair  
  57  5:27  Drone  
  60  5:31  Drone x2  
  62  5:36  Extractor  
  62  5:38  Extractor  
  62  5:39  Drone  
  62  5:41  Drone  
  62  5:44  Drone  
  62  5:49  Zergling x2  
  64  5:50  Queen  
  64  5:54  Evolution Chamber  
  64  5:55  Zergling x10  
  64  5:56  Evolution Chamber  
  69  5:59  Zergling x4  
  69  6:02  Drone  
  69  6:03  Drone  
  73  6:06  Overlord  
  73  6:07  Overlord  
  73  6:15  Overlord  
  73  6:16  Hatchery, Queen  
  73  6:17  Overlord  
  74  6:22  Overlord  
  74  6:24  Overlord  
  74  6:27  Overlord  
  74  6:30  Drone x8  
  80  6:34  Centrifical Hooks  
  80  6:38  Zerg Ground Armor Level 1  
  80  6:43  Zerg Melee Weapons Level 1  
  80  6:45  Zergling x6  
  80  6:46  Baneling x3, Extractor  
  82  6:48  Zergling x2  
  82  6:50  Drone  
  82  6:53  Zergling x8  
  88  6:57  Baneling x2  
  88  6:58  Baneling  
  88  7:00  Zergling x2  
  89  7:05  Zergling x10  
  94  7:13  Baneling, Zergling x4  
  94  7:14  Queen  
  98  7:16  Zergling x2  
  98  7:19  Zergling x6  
  102  7:24  Zergling x6  
  102  7:25  Baneling x4  
  102  7:27  Zergling x6  
  108  7:31  Zergling x2  
  108  7:35  Zergling x8  
  112  7:39  Zergling x6  
  107  7:45  Zergling x2  
  107  7:49  Zergling x2  
  107  7:50  Zergling x4  
  95  7:56  Zergling x2  
  95  7:57  Zergling x2  
  87  8:01  Zergling x4  
  77  8:08  Zergling x2  
  77  8:09  Zergling x2  
  77  8:12  Zergling x4  
  80  8:16  Zergling x2  
  80  8:19  Zergling x2  
  75  8:26  Baneling x3  
Tags
 
Add a new tag
Caveats
  • Supply blocks, unpowered buildings, or Contaminate may cause inaccurate times.
  • Supply counts are checked every 10 seconds.